 Dungeon Crawl Stone Soup version 0.30.0-30-g96aa6591b8 (webtiles) character file.

Game seed: 13493248690483703242

281 AgateBread the Grasshopper (level 6, 0/54 HPs)
             Began as an Armataur Warper on June 28, 2023.
             Slain by an iguana (12 damage)
             ... on level 5 of the Dungeon.
             The game lasted 00:08:30 (2885 turns).

AgateBread the Grasshopper (Armataur Warper)        Turns: 2885, Time: 00:08:30

Health: 0/54       AC:  4    Str: 16    XL:     6   Next: 6%
Magic:  8/8        EV:  9    Int: 13    God:
Gold:   106        SH:  0    Dex: 12    Spells: 6/8 levels left

rFire   . . .        h - +1 whip (elec)
rCold   . . .        (no shield)
rNeg    . . .        b - +0 leather armour
rPois   .            (no helmet)
rElec   .            (no cloak)
rCorr   .            (no gloves)
SInv    .            (no barding)
Will    .....        (no amulet)
Stlth   +            (no ring)
HPRegen 0.29/turn    (no ring)
MPRegen 0.11/turn

%: roll
@: no status effects
A: large, rugged brown scales 3, deformed body, armoured tail, roll, long
tongue, awkward tongue
a: no special abilities


You were on level 5 of the Dungeon.
You visited 1 branch of the dungeon, and saw 4 of its levels.

You collected 106 gold pieces.

Inventory:

Hand Weapons
 a - a +0 falchion
 h - a +1 whip of electrocution (weapon)
Missiles
 d - 6 boomerangs of dispersal (quivered)
Armour
 b - a +0 leather armour (worn)
 k - a +0 ring mail
Wands
 p - a wand of polymorph (7)
Scrolls
 f - a scroll of vulnerability {unknown}
 g - 2 scrolls of amnesia
 i - a scroll of torment {unknown}
 m - 2 scrolls of noise
 n - 2 scrolls of poison {unknown}
 o - 2 scrolls of identify
 s - 2 scrolls of teleportation {unknown}
Potions
 j - a potion of resistance
 l - a potion of brilliance {unknown}
 q - 2 potions of flight {unknown}
 r - a potion of lignification {unknown}
 t - a potion of degeneration {unknown}
 u - 2 potions of curing {unknown}


   Skills:
 + Level 3.6 Fighting
 + Level 3.5 Long Blades
 - Level 0.8 Throwing
 - Level 1.2 Armour
 - Level 1.3 Dodging
 - Level 1.7 Spellcasting
 + Level 4.6 Translocations


You had 6 spell levels left.
You knew the following spells:

 Your Spells              Type           Power      Damage    Failure   Level
a - Blink                 Tloc           26%        N/A       7%          2

Your spell library contained the following spells:

 Spells                   Type           Power      Damage    Failure   Level
 Lesser Beckoning         Tloc           26%        N/A       7%          2
 Gell's Gravitas          Tloc           13%        N/A       14%         3
 Teleport Other           Tloc           13%        N/A       14%         3
 Vhi's Electric Charge    Tloc/Air       14%        N/A       36%         3
 Manifold Assault         Tloc           13%        N/A       43%         4


Dungeon Overview and Level Annotations

Branches:
Dungeon (5/15)
 Temple: D:4-7

Altars:


Innate Abilities, Weirdness & Mutations

You are completely covered in rugged brown scales. (AC +3, +7% HP)
Armour fits poorly on your strangely shaped body.
You have a long armoured tail.
You roll when moving toward enemies. (Rampage)
Your long tongue fully drains potion bottles. (2x potion effects)
Your tongue gives you trouble enunciating. (1.5x scroll delay)


Message History

The iguana barely misses you.
You see here a +0 club.
The iguana closely misses you. The iguana attacks as you move away!
The iguana closely misses you.
You hit the iguana.
The iguana is lightly wounded.
The iguana closely misses you.
Unknown command.
Unknown command.
Okay, then.
Blink to where?
Press: ? - help, Dir - move target As you slowly read the scroll of blinking, it crumbles to dust.
Aiming: Polymorph
Press: ? - help, Q - select action, (/) - cycle Shift-Dir - straight line, f - iguana
Aim: an iguana (lightly wounded, will become a steam dragon, a goblin, or an adder, chance to affect: 57%)
Okay, then.
Throw: 3 darts (poison)
Press: ? - help, Q - select action, (/) - cycle Shift-Dir - straight line, f - iguana
Aim: an iguana (lightly wounded, 61% to hit)
You throw a poisoned dart. The poisoned dart hits the iguana.
The iguana is poisoned.
The iguana is lightly wounded.
Unknown command.
Throw: 2 darts (poison)
Press: ? - help, Q - select action, (/) - cycle Shift-Dir - straight line, f/p - iguana
Aim: an iguana (lightly wounded, poisoned, 61% to hit)
You throw a poisoned dart. The poisoned dart hits the iguana.
The iguana looks even sicker.
The iguana is lightly wounded.
Throw: dart (poison)
Press: ? - help, Q - select action, (/) - cycle Shift-Dir - straight line, f/p - iguana
Aim: an iguana (lightly wounded, very poisoned, 61% to hit)
You throw a poisoned dart.
The poisoned dart completely misses the iguana.
Unknown command.
You roll towards the iguana!
You hit the iguana but do no damage.
The iguana is moderately wounded.
The iguana bites you!
You die...

..............#
..............# ##
.......##.....##.##
....###...........
....#...####.....
......#####....#
......####.....##
......#.........###
.....(.(.......l@.#
..................#
.................##
................##
.#.##.........###
.#.##.#......##
...##.....#### ...
#....##


You could see an iguana (poisoned).

Vanquished Creatures
  A phantom (D:5)
  An orc priest (D:3)
  Jessica (D:2)
  An iguana (D:5)
  3 gnolls (D:5)
  3 adders
  An ufetubus (D:5)
  2 worms
  3 dart slugs
  3 orcs
  2 ball pythons (D:1)
  5 endoplasms
  A giant cockroach (D:2)
  5 goblins
  3 hobgoblins
  3 jackals (D:2)
  6 kobolds
  2 quokkas
  4 bats
  4 frilled lizards
  4 rats
58 creatures vanquished.

Notes
Turn   | Place    | Note
-------+----------+-------------------------------------------
     0 | D:1      | AgateBread the Armataur Warper began the quest for the Orb.
     0 | D:1      | Reached XP level 1. HP: 18/18 MP: 3/3
   244 | D:1      | Reached XP level 2. HP: 23/25 MP: 4/4
  1153 | D:1      | Reached XP level 3. HP: 32/32 MP: 5/5
  1639 | D:2      | Noticed Jessica
  1645 | D:2      | Killed Jessica
  1646 | D:2      | Reached XP level 4. HP: 29/39 MP: 6/6
  2228 | D:3      | Reached skill level 4 in Translocations
  2308 | D:3      | You fall into a shaft and drop 2 floors!
  2308 | D:5      | Entered Level 5 of the Dungeon
  2311 | D:5      | Noticed a phantom
  2340 | D:5      | Killed a phantom
  2341 | D:5      | Reached XP level 5. HP: 21/48 MP: 7/7
  2565 | D:5      | Learned a level 2 spell: Blink
  2835 | D:5      | Reached XP level 6. HP: 29/54 MP: 8/8
  2885 | D:5      | Slain by an iguana

Illustrated notes

Levels and vault maps discovered:
D:1:      elethiomel_arrival_infinity_welcomes_careful_drivers, layout_basic
D:2:      layout_basic, uniq_jessica
D:3:      layout_rooms, hellmonk_ecumenical_altar_inner_sanctum
D:5:      layout_cave_pools

Skill      XL: |  1  2  3  4 |
---------------+-------------+-----
Fighting       | 2 3 |  3.6
Long Blades    | 2 3 |  3.5
Translocations | 4 |  4.6
Throwing       | |  0.8
Armour         | |  1.2
Dodging        | |  1.3
Spellcasting   | |  1.7

Action                     |  1- 3 |  4- 6 || total
---------------------------+-------+-------++-------
  Melee: Falchion          |    22 |       ||    22
         Tailslap          |     6 |    11 ||    17
         Whip              |    66 |    98 ||   164
  Throw: Boomerang         |       |     1 ||     1
         Dart              |       |     3 ||     3
    Use: Scroll            |     2 |     3 ||     5
         Potion            |       |     1 ||     1
 Armour: Leather armour    |    27 |    31 ||    58
  Dodge: Dodged            |    30 |    55 ||    85
